 Dungeon Crawl Stone Soup version 0.22-a0-456-g11ed031 (webtiles) character file.

550492 iamserjio the Slayer (level 26, -5/405 HPs)
             Began as an Ogre Earth Elementalist on June 5, 2018.
             Was the Champion of Kikubaaqudgha.
             Slain by a white very ugly thing (11 damage)
             ... on level 5 of the Depths on June 6, 2018.
             The game lasted 04:26:17 (75087 turns).

iamserjio the Slayer (Ogre Earth Elementalist)     Turns: 75087, Time: 04:26:19

Health: -5/405     AC:  7    Str: 19    XL:     26   Next: 29%
Magic:  42/52      EV: 15    Int: 27    God:    Kikubaaqudgha [******]
Gold:   2909       SH:  9    Dex: 10    Spells: 12/57 levels left

rFire    + + .     SeeInvis +   F - +8 giant club (pain)
rCold    + . .     Gourm    .   (shield currently unavailable)
rNeg     + . .     Faith    .   (armour currently unavailable)
rPois    ∞         Spirit   .   u - +2 hat {MR+}
rElec    +         Reflect  +   V - scarf {rC+ rF+}
rCorr    .         Harm     .   (gloves unavailable)
MR       ++++.                  (boots unavailable)
Stlth    ++........             N - +5 amulet of reflection
HPRegen  0.77/turn              q - ring of Amyrph {MP+9 Int+4}
MPRegen  0.33/turn              G - ring "Meadots" {rF+ MR+ SInv}

@: statue-form, corroded, very slow
A: large, unfitting armour, large bone plates 1
}: 3/15 runes: decaying, silver, gossamer
a: End Transformation, Receive Corpses, Torment, Renounce Religion


You were on level 5 of the Depths.
You worshipped Kikubaaqudgha.
Kikubaaqudgha was exalted by your worship.
You were very hungry.
You were a stone statue.
You visited 9 branches of the dungeon, and saw 45 of its levels.
You also visited: Labyrinth, Sewer, Ice Cave and Volcano.

You collected 6517 gold pieces.
You spent 3608 gold pieces at shops.

Inventory:

Hand Weapons
 F - a +8 giant club of pain (weapon)
 K - a +3 great mace of freezing
Missiles
 J - 124 large rocks (quivered)
Armour
 t - the +1 robe of Tenacity {rC+ rN+ rCorr}
   (You took it off a deep elf sorcerer on level 3 of the Elven Halls)

   It protects you from cold.
   It protects you from negative energy.
   It protects you from acid and corrosion.
 u - a +2 hat of magic resistance (worn)
 C - the +3 hat of Pondering {ponderous, MR+ MP+10 Int+5}
   (You found it on level 5 of the Vaults)

   It affects your intelligence (+5).
   It affects your resistance to hostile enchantments.
   It affects your magic capacity (+10).
 V - a scarf of resistance (worn)
 X - the +2 robe of Vines (melded) {NoPotionHeal Regen+7}
   (You found it on level 4 of the Spider Nest)

   It increases your rate of regeneration.
 Y - a +2 cloak of fire resistance
Jewellery
 g - an uncursed amulet of magic regeneration
 q - the ring of Amyrph (left hand) {MP+9 Int+4}
   (You took it off a deep elf sorcerer on level 3 of the Elven Halls)

   [ring of magical power]

   It affects your intelligence (+4).
   It affects your magic capacity (+9).
 y - the ring of the Genius {rF+ Str+10}
   (You took it off a fire giant on level 4 of the Depths)

   [ring of protection from fire]

   It affects your strength (+10).
   It protects you from fire.
 D - the ring of the Mage {Wiz MR++ Int+3}
   (You took it off an ironbrand convoker on level 5 of the Vaults)

   [ring of wizardry]

   It improves your spell success rate.
   It affects your intelligence (+3).
   It affects your resistance to hostile enchantments.
 G - the ring "Meadots" (right hand) {rF+ MR+ SInv}
   (You took it off a deep elf blademaster on level 3 of the Elven Halls)

   [ring of see invisible]

   It protects you from fire.
   It affects your resistance to hostile enchantments.
   It lets you see invisible.
 H - the ring of Ecib {Fire rN++ MP+9}
   (You took it off a crimson imp on level 1 of the Depths)

   [ring of fire]

   It enhances your fire magic.
   It protects you from fire.
   It makes you vulnerable to cold.
   It greatly protects you from negative energy.
   It affects your magic capacity (+9).
 N - a +5 amulet of reflection (around neck)
 T - the ring "Akisaw" {rElec rF- rC+ MP+9 Int+4}
   (You found it on level 5 of the Lair of Beasts)

   [ring of protection from cold]

   It affects your intelligence (+4).
   It makes you vulnerable to fire.
   It protects you from cold.
   It insulates you from electricity.
   It affects your magic capacity (+9).
Wands
 b - a wand of iceblast (24)
 z - a wand of acid (20)
 L - a wand of digging (86)
 M - a wand of clouds (14)
Scrolls
 c - a scroll of holy word
 f - 28 scrolls of remove curse
 n - 3 scrolls of blinking
 o - 5 scrolls of magic mapping
 p - 17 scrolls of teleportation
 s - 4 scrolls of brand weapon
 w - 3 scrolls of acquirement
 B - 5 scrolls of silence
 E - 8 scrolls of fear
 O - 6 scrolls of fog
 P - 7 scrolls of amnesia
 U - 2 scrolls of identify
Potions
 i - 5 potions of berserk rage
 j - 6 potions of magic
 l - 4 potions of heal wounds
 m - 16 potions of curing
 v - 8 potions of might
 x - 2 potions of agility
 A - 10 potions of brilliance
 I - 2 potions of invisibility
 Q - 3 potions of mutation
 R - 5 potions of ambrosia
 S - 3 potions of cancellation
 W - 4 potions of haste
 Z - 2 potions of resistance
Miscellaneous
 a - a lightning rod (4/4)
 e - a phantom mirror
 h - a lamp of fire
 r - 4 sacks of spiders
Comestibles
 d - 51 rations


   Skills:
 + Level 26.9 Fighting
 * Level 18.4 Maces & Flails
 + Level 12.4 Dodging
 - Level 1.4 Stealth
 - Level 16.0 Spellcasting
 - Level 10.0 Summonings
 - Level 16.0 Necromancy
 - Level 1.0 Translocations
 - Level 10.0 Transmutations
 - Level 16.0 Earth Magic


You had 12 spell levels left.
You knew the following spells:

 Your Spells              Type           Power        Failure   Level  Hunger
a - Shadow Creatures      Summ           N/A          6%          6    ###....
c - Passwall              Tmut/Erth      #######.     0%          2    None
d - Lee's Rapid Deconstr  Erth           #######...   1%          5    None
e - Vampiric Draining     Necr           #######...   0%          3    None
f - Sublimation of Blood  Necr           #######...   0%          2    None
g - Dispel Undead         Necr           #######.     1%          5    None
h - Statue Form           Tmut/Erth      #######..    1%          6    ###....
i - Borgnjor's Vile Clut  Necr/Erth      #######...   1%          5    None
j - Blink                 Tloc           N/A          2%          2    None
k - Summon Butterflies    Summ           ######..     1%          1    None
l - Apportation           Tloc           ####..       1%          1    None
m - Regeneration          Chrm/Necr      ######....   1%          3    None
n - Animate Dead          Necr           N/A          1%          4    None

Your spell library contained the following spells:

 Spells                   Type           Power        Failure   Level  Hunger
 Cause Fear               Hex            ###.......   22%         4    None
 Magic Dart               Conj           ###.         2%          1    None
 Conjure Flame            Conj/Fire      ###.....     7%          3    None
 Bolt of Fire             Conj/Fire      ###.......   98%         6    ###....
 Bolt of Cold             Conj/Ice       ###.......   98%         6    ###....
 Lightning Bolt           Conj/Air       ###.......   54%         5    None
 Bolt of Magma            Conj/Fire/Erth ######....   8%          5    None
 Slow                     Hex            ###.....     3%          2    None
 Confuse                  Hex            ###.....     7%          3    None
 Mephitic Cloud           Conj/Pois/Air  ###.....     7%          3    None
 Ring of Flames           Chrm/Fire      ###.......   100%        7    #####..
 Venom Bolt               Conj/Pois      ###.......   54%         5    None
 Olgreb's Toxic Radiance  Pois           ###.....     22%         4    None
 Summon Small Mammal      Summ           ####         1%          1    None
 Bolt of Draining         Conj/Necr      ######....   2%          5    None
 Lehudib's Crystal Spear  Conj/Erth      ######....   99%         8    ######.
 Fire Storm               Conj/Fire      ###.......   100%        9    #######
 Iskenderun's Mystic Bla  Conj           ###.....     22%         4    None
 Pain                     Necr           ####         0%          1    None
 Animate Skeleton         Necr           N/A          0%          1    None
 Sticky Flame             Conj/Fire      ###.....     22%         4    None
 Summon Ice Beast         Ice/Summ       #####...     3%          4    None
 Call Imp                 Summ           ######..     1%          2    None
 Poison Arrow             Conj/Pois      ###.......   98%         6    ###....
 Sting                    Conj/Pois      ###.         2%          1    None
 Summon Demon             Summ           ######....   1%          5    None
 Corpse Rot               Necr           N/A          0%          2    None
 Iron Shot                Conj/Erth      ######....   13%         6    ###....
 Stone Arrow              Conj/Erth      ######       1%          3    None
 Shock                    Conj/Air       ###.         2%          1    None
 Swiftness                Chrm/Air       ###.....     3%          2    None
 Recall                   Summ/Tloc      N/A          1%          3    None
 Agony                    Necr           #######.     1%          5    None
 Dragon Form              Tmut           ######....   32%         7    #####..
 Deflect Missiles         Chrm/Air       ###.......   98%         6    ###....
 Glaciate                 Conj/Ice       ###.......   100%        9    #######
 Airstrike                Air            ###.......   22%         4    None
 Confusing Touch          Hex            ###...       2%          1    None
 Flame Tongue             Conj/Fire      ###..        2%          1    None
 Ignite Poison            Fire/Tmut/Pois #####...     1%          3    None
 Call Canine Familiar     Summ           ######..     1%          3    None
 Ensorcelled Hibernation  Hex/Ice        ###...       3%          2    None
 Metabolic Englaciation   Hex/Ice        ###.......   54%         5    None
 Silence                  Hex/Air        ###.......   54%         5    None
 Shatter                  Erth           #######...   97%         9    #######
 Static Discharge         Conj/Air       ###.....     7%          3    None
 Corona                   Hex            ###....      2%          1    None
 Alistair's Intoxication  Tmut/Pois      #####...     9%          5    None
 Sandblast                Erth           ######       0%          1    None
 Simulacrum               Ice/Necr       ######....   13%         6    ###....
 Conjure Ball Lightning   Conj/Air       ###.......   98%         6    ###....
 Chain Lightning          Conj/Air       ###.......   100%        8    ######.
 Excruciating Wounds      Chrm/Necr      ######....   2%          5    None
 Portal Projectile        Hex/Tloc       ###...       5%          3    None
 Petrify                  Tmut/Erth      #######.     1%          4    None
 Orb of Destruction       Conj           ###.......   100%        7    #####..
 Tornado                  Air            ###.......   100%        9    #######
 Leda's Liquefaction      Hex/Erth       ######....   1%          4    None
 Summon Hydra             Summ           ######....   32%         7    #####..
 Darkness                 Hex            ###.......   98%         6    ###....
 Inner Flame              Hex/Fire       ###.....     7%          3    None
 Aura of Abjuration       Summ           ######....   1%          5    None
 Iskenderun's Battlesphe  Conj/Chrm      ###.....     54%         5    None
 Fulminant Prism          Conj/Hex       ###.......   22%         4    None
 Dazzling Spray           Conj/Hex       ###...       7%          3    None
 Force Lance              Conj/Tloc      ###.....     19%         4    None
 Searing Ray              Conj           ###...       3%          2    None
 Summon Forest            Summ/Tloc      ######....   7%          5    None
 Summon Lightning Spire   Summ/Air       #####...     3%          4    None
 Dragon's Call            Summ           ######....   100%        9    #######
 Spellforged Servitor     Conj/Summ      #####.....   94%         7    #####..
 Summon Mana Viper        Hex/Summ       #####...     9%          5    None
 Hydra Form               Tmut           ######....   6%          6    ###....
 Irradiate                Conj/Tmut      #####.....   9%          5    None
 Gell's Gravitas          Tloc           ####......   4%          3    None
 Yara's Violent Unravell  Hex/Tmut       #####.....   9%          5    None
 Poisonous Vapours        Pois/Air       ###...       3%          2    None
 Ignition                 Fire           ###.......   100%        8    ######.


Dungeon Overview and Level Annotations

Branches:
Dungeon (15/15)            Temple (1/1) D:7            Lair (6/6) D:10
  Swamp (4/4) Lair:4       Spider (4/4) Lair:3        Slime (0/5) Lair:6
    Orc (2/2) D:10            Elf (3/3) Orc:2        Vaults (5/5) D:14
  Crypt (0/3) Vaults:2     Depths (5/5) D:15
    Zot: Depths:5

Altars:
Ashenzari
Cheibriados
Dithmenos
Elyvilon
Fedhas
Gozag
Hepliaklqana
Kikubaaqudgha
Makhleb
Nemelex Xobeh
Okawaru
Qazlal
Ru
Sif Muna
Trog
Uskayaw
Vehumet
Wu Jian
Xom
Yredelemnul
Zin
The Shining One
Beogh

Shops:
D:4 *   D:5 :   D:12 %   D:13 =?   Orc:2 :(}   Elf:3 ?   Vaults:1 [
Vaults:2 [   Vaults:3 =   Vaults:4 *   Depths:1 }}(   Depths:4 %

Portals:
Hell: Depths:1 Depths:2 Depths:3 Depths:4
Abyss: Depths:2 Depths:3 Depths:4
Pandemonium: Depths:2 Depths:3
Ziggurat: Depths:4
Trove: D:10 (show abyssal rune of Zot)

Annotations:
D:3 xccam's ghost, amateur DrTm
D:9 exclusion: door
Elf:2 3 runed doors


Innate Abilities, Weirdness & Mutations

You are too large for most types of armour.
((You have tough skin. (AC +1)))
You are partially covered in large bone plates. (SH +4)


Message History

The spriggan air mage waves its arms in wide circles.
The air twists around and strikes you!
* * * LOW HITPOINT WARNING * * *
The caustic shrike claws you!
* * * LOW HITPOINT WARNING * * *
You are splashed with acid!
The acid burns!
* * * LOW HITPOINT WARNING * * *
The caustic shrike claws you.
* * * LOW HITPOINT WARNING * * *
You are splashed with acid!
The acid burns!
* * * LOW HITPOINT WARNING * * *
The white very ugly thing bites you!
* * * LOW HITPOINT WARNING * * *
The white very ugly thing freezes you! You resist.
* * * LOW HITPOINT WARNING * * *
The white very ugly thing pecks you!
* * * LOW HITPOINT WARNING * * *
The white very ugly thing freezes you! You resist.
You die...
Kikubaaqudgha rasps: "You have failed me!
Welcome... oblivion!"

#.............c
#..............
...........C..$
...............
. #.............
..#.....u.......
.........u......
......##uu......
......u8bi......
.......bc.......
.......#.(s..##.
.....#.##.(....
.##.### .......
## ....#.#
...##.. ...


You could see 2 caustic shrikes, 2 very ugly things, 3 ugly things, an ettin, a
spriggan air mage, a yaktaur and an orb spider.

Vanquished Creatures
  2 ancient liches
  Mennas (Vaults:5)
  Xtahua (Vaults:2)
  5 caustic shrikes (Depths:4)
  Nikola (Swamp:2)
  A golden dragon (Vaults:5)
  2 liches
  Arachne (Spider:3)
  5 tentacled monstrosities
  3 deep elf blademasters (Elf:3)
  A quicksilver dragon (Depths:4)
  4 deep elf master archers (Elf:3)
  A quicksilver dragon (shapeshifter) (Vaults:5)
  Frances (Swamp:2)
  3 sphinxes
  10 titans
  4 thorn hunters
  8 tengu reavers
  9 shadow dragons
  Roxanne (Spider:2)
  3 storm dragons
  Donald (Vaults:2)
  9 fire giants
  8 frost giants
  9 deep elf sorcerers
  An orc warlord (Vaults:4)
  4 ghost moths
  25 vault wardens
  Aizul (Swamp:2)
  Louise (Spider:4)
  A balrug (Depths:1)
  7 emperor scorpions
  5 large abominations
  A spectral juggernaut (Depths:4)
  11 deep elf elementalists
  2 war gargoyles (Vaults:5)
  14 ironheart preservers
  3 spriggan defenders (Depths:3)
  A juggernaut zombie (D:15)
  18 stone giants
  A reaper (Depths:3)
  The ghost of junkhipster the Basher, a journeyman FoFi of Okawaru (Lair:6)
  15 very ugly things
  5 entropy weavers
  6 deep elf demonologists
  A dire elephant (Lair:5)
  A minotaur (Lab)
  14 deep elf annihilators
  4 vampire knights
  A red draconian (Volcano)
  8 spark wasps
  11 ettins
  2 merfolk javelineers
  9 deep elf death magi
  8 fire dragons
  8 deep elf high priests
  8 great orbs of eyes
  Josephine (Lair:5)
  23 ogre magi
  18 yaktaur captains
  The ghost of nikopol the Eclecticist, a journeyman DEFE of Vehumet (Lair:3)
  3 rakshasas
  20 hydras
  10 ice dragons
  4 ghost crabs
  5 spriggan air magi
  A hell beast (Depths:4)
  A monstrous demonspawn (Depths:2)
  27 vault guards
  A catoblepas (Lair:6)
  64 two-headed ogres
  6 centaur warriors
  3 death knights
  A satyr (shapeshifter) (Vaults:2)
  15 alligators
  9 deep troll shamans
  12 dancing weapons
  2 tengu warriors
  12 deep troll earth magi
  Urug (D:15)
  4 vampire magi
  2 orc high priests (Orc:2)
  12 deep elf knights
  A spriggan berserker (Depths:3)
  A sun demon (Depths:4)
  A titan zombie (D:15)
  3 soul eaters (Depths:4)
  The ghost of anything the Slinger, a novice OpHu of Gozag (D:13)
  6 hell knights (Depths:2)
  3 iron trolls (Depths:4)
  A shadow wraith (Depths:4)
  A salamander mystic (Volcano)
  5 fire crabs (Lair:3)
  15 skeletal warriors
  A sixfirhy (Depths:3)
  A golden dragon zombie (Depths:4)
  A gelid demonspawn (Depths:3)
  29 deep trolls
  6 unseen horrors
  4 spriggan druids
  An infernal demonspawn (Depths:2)
  4 glowing orange brains
  5 flayed ghosts
  A swamp dragon (shapeshifter) (Depths:1)
  2 shambling mangroves
  14 wizards
  4 lindwurms (Lair:5)
  15 deep elf archers
  A shadow dragon zombie (Depths:4)
  8 orb spiders
  A golden dragon skeleton (Depths:4)
  46 deep elf magi
  9 orc knights
  21 ironbrand convokers
  An iron dragon zombie (Depths:4)
  6 necromancers
  A wolf spider zombie (D:15)
  The ghost of wazuzu the Zephyrmancer, a novice TeAE of Sif Muna (D:7)
  10 swamp dragons
  A human zombie (Vaults:4)
  10 orc sorcerers
  9 cyclopes
  4 oklob plants (Lair:4)
  11 elephants
  22 wolf spiders
  29 ugly things
  6 salamanders (Volcano)
  2 ice statues (IceCv)
  3 moths of wrath
  4 manticores
  A black mamba (shapeshifter) (Depths:2)
  12 vault sentinels
  4 black mambas
  An apocalypse crab (Lair:3)
  3 torpor snails
  2 rust devils
  11 spiny frogs
  A gargoyle (D:14)
  An orange demon (Depths:2)
  5 spectral swamp worms
  A yaktaur zombie (Vaults:1)
  5 demonic crawlers
  69 yaktaurs
  3 kobold demonologists
  The ghost of anything the Sneak, a novice OpAK of Lugonu (D:6)
  A hellion (Depths:2)
  7 freezing wraiths
  3 rime drakes
  An efreet (D:13)
  7 komodo dragons
  A red devil (Depths:3)
  8 small abominations
  3 human skeletons
  4 polar bears (Lair:6)
  2 hellwings (Depths:1)
  8 ice devils
  A queen bee (Spider:1)
  2 queen bees (shapeshifter)
  24 jumping spiders
  3 meliai (Spider:1)
  5 trolls
  3 tengu conjurers
  21 hornets
  17 blink frogs
  A blink frog (shapeshifter) (D:13)
  24 slime creatures
  Prince Ribbit (Lair:3)
  2 dream sheep (shapeshifter) (Vaults:5)
  A raiju (shapeshifter) (Depths:3)
  6 tyrant leeches
  A hippogriff (shapeshifter) (Vaults:2)
  9 bog bodies
  An ice dragon zombie (D:15)
  11 dream sheep
  A stone giant simulacrum (Vaults:3)
  14 hippogriffs
  A shadow (D:12)
  4 centaur simulacra
  An ettin skeleton (Vaults:1)
  50 redbacks
  A redback (shapeshifter) (Vaults:5)
  A fire dragon skeleton (D:15)
  26 tarantellas
  22 spriggans
  10 wraiths
  46 yaks
  3 vampires (Vaults:2)
  3 basilisks
  10 water elementals
  3 fire elementals
  A basilisk (shapeshifter) (Vaults:5)
  2 yaks (shapeshifter)
  2 fire bats (Depths:1)
  A hog (shapeshifter) (Vaults:1)
  A golden eye (shapeshifter) (Depths:4)
  A chaos spawn (Depths:2)
  4 wyverns
  2 hungry ghosts
  21 vampire mosquitoes
  6 wargs
  10 swamp worms
  24 insubstantial wisps
  A soldier ant (shapeshifter) (D:14)
  2 hell hounds (D:10)
  9 porcupines
  A porcupine (shapeshifter) (Vaults:5)
  18 water moccasins
  4 ice beasts
  11 swamp drakes
  31 orc warriors
  An eye of draining (D:15)
  2 black bears (Lair:6)
  A black bear (shapeshifter) (Depths:4)
  4 phantoms
  3 sky beasts
  60 ogres
  16 boggarts
  8 centaurs
  26 wolves
  9 crocodiles
  9 big kobolds
  15 bullfrogs
  An earth elemental (Elf:3)
  A wyvern zombie (D:12)
  2 elf simulacra
  A wyvern skeleton (D:9)
  A scorpion (D:10)
  A human simulacrum (Vaults:4)
  22 killer bees (Spider:1)
  5 howler monkeys
  A howler monkey (shapeshifter) (Vaults:5)
  4 electric eels
  4 centaur zombies
  12 crimson imps
  A draconian simulacrum (IceCv)
  3 lava snakes (D:10)
  6 hounds
  An iron imp (Depths:3)
  7 jellies
  A quasit (D:14)
  A gnoll shaman (D:6)
  18 orc priests
  A bullfrog skeleton (D:13)
  3 centaur skeletons
  5 iguanas
  48 orc wizards
  3 troll simulacra (IceCv)
  5 hell rats (Lair:6)
  4 worker ants
  A spriggan simulacrum (IceCv)
  Robin (D:3)
  8 gnolls
  9 adders
  A naga simulacrum (IceCv)
  11 river rats (Sewer)
  An ogre simulacrum (IceCv)
  A shadow imp (D:11)
  3 oozes
  An adder skeleton (D:4)
  2 dart slugs
  3 worms
  5 leopard geckos
  110 orcs
  13 giant cockroaches
  12 goblins
  7 hobgoblins
  4 jackals (D:1)
  32 kobolds
  3 quokkas
  5 ball pythons
  3 bats
  3 frilled lizards
  20 rats
  2 briar patches (Swamp:4)
  A bush (Lair:4)
  5 crawling corpses (Depths:4)
  A fungus (Lair:6)
  5 plants
2117 creatures vanquished.

Vanquished Creatures (collateral kills)
  2 blink frogs (Swamp:4)
2 creatures vanquished.

Vanquished Creatures (others)
  A stone giant (Vaults:5)
  A vampire knight (Depths:3)
  A yaktaur captain (Vaults:5)
  A hydra (D:13)
  A deep elf knight (Vaults:3)
  A deep elf mage (Elf:1)
  A vault sentinel (Vaults:1)
  2 yaktaurs
  A spriggan (Swamp:3)
  A centaur (Depths:1)
  A bullfrog (D:15)
  An orc (Orc:2)
  A briar patch (Swamp:4)
  7 fungi
  3 plants
24 creatures vanquished.

Grand Total: 2143 creatures vanquished

Notes
Turn   | Place    | Note
-------+----------+-------------------------------------------
     0 | D:1      | iamserjio the Ogre Earth Elementalist began the quest for the Orb.
     0 | D:1      | Reached XP level 1. HP: 16/16 MP: 3/3
   160 | D:1      | Reached XP level 2. HP: 7/26 MP: 1/5
   444 | D:1      | Reached skill level 1 in Fighting
  1100 | D:2      | Reached XP level 3. HP: 33/33 MP: 2/7
  1603 | D:2      | Reached XP level 4. HP: 40/42 MP: 8/8
  1754 | D:2      | Reached skill level 1 in Maces & Flails
  1794 | D:2      | Reached skill level 2 in Fighting
  1856 | D:2      | Learned a level 3 spell: Stone Arrow
  1859 | D:2      | Learned a level 2 spell: Passwall
  2189 | D:3      | Reached XP level 5. HP: 44/50 MP: 3/9
  2245 | D:3      | Noticed xccam's ghost (amateur DrTm)
  2585 | D:3      | Noticed Robin
  2780 | D:3      | Killed Robin
  3779 | D:4      | Reached skill level 3 in Fighting
  3779 | D:4      | Reached XP level 6. HP: 61/61 MP: 8/11
  3893 | D:4      | Found a glowing drain.
  3901 | Sewer    | Entered a sewer
  5463 | Sewer    | Reached XP level 7. HP: 68/68 MP: 7/13
  5756 | Sewer    | Reached skill level 5 in Earth Magic
  6041 | D:4      | Reached skill level 4 in Fighting
  6698 | D:4      | Found Mosiara's General Store.
  6701 | D:4      | Bought a scroll of identify for 22 gold pieces
  6701 | D:4      | Bought a scroll of identify for 22 gold pieces
  6701 | D:4      | Bought a potion of curing for 33 gold pieces
  6709 | D:4      | Bought a cursed +3 ring of dexterity for 139 gold pieces
  7316 | D:5      | Entered Level 5 of the Dungeon
  7316 | D:5      | Found Xiqos's Book Shoppe.
  7362 | D:5      | Noticed a dagger
  7363 | D:5      | Noticed a hand axe
  7364 | D:5      | Found a hide-covered altar of Uskayaw.
  8274 | D:5      | Got a smoking mace
  8294 | D:5      | Identified the +2 mace of Chaos {venom, rElec Dex+3 Stlth+} (You found it on level 5 of the Dungeon)
  8471 | D:6      | Noticed a hippogriff
  8486 | D:5      | Reached skill level 5 in Spellcasting
  8486 | D:5      | Reached XP level 8. HP: 50/79 MP: 10/15
  8640 | D:6      | Reached skill level 5 in Fighting
  8982 | D:6      | Noticed anything's ghost (novice OpAK)
  8987 | D:6      | Killed anything's ghost
  9227 | D:6      | Learned a level 5 spell: Lee's Rapid Deconstruction
  9943 | D:6      | Reached skill level 6 in Fighting
 10303 | D:6      | Killed a hippogriff
 10303 | D:6      | Reached XP level 9. HP: 91/91 MP: 10/18
 10416 | D:7      | Noticed a two-headed ogre
 10452 | D:7      | Noticed wazuzu's ghost (novice TeAE)
 10775 | D:7      | Killed a two-headed ogre
 10775 | D:7      | Reached skill level 7 in Fighting
 11036 | D:7      | Reached skill level 5 in Maces & Flails
 11063 | D:7      | Killed wazuzu's ghost
 11310 | D:7      | Reached XP level 10. HP: 104/104 MP: 10/20
 11550 | D:7      | Reached skill level 8 in Fighting
 11618 | D:7      | Found a staircase to the Ecumenical Temple.
 11624 | Temple   | Entered the Ecumenical Temple
 11669 | Temple   | Became a worshipper of Kikubaaqudgha
 12292 | D:8      | Reached skill level 1 in Necromancy
 13912 | D:8      | Noticed a three-headed hydra
 13925 | D:8      | Killed a three-headed hydra
 14491 | D:9      | Reached * piety under Kikubaaqudgha
 14491 | D:9      | Identified Kikubaaqudgha's Grimoire of Stolen Souls (Kikubaaqudgha gifted it to you on level 9 of the Dungeon)
 14491 | D:9      | Received a gift from Kikubaaqudgha
 14622 | D:9      | Learned a level 3 spell: Vampiric Draining
 14625 | D:9      | Learned a level 2 spell: Sublimation of Blood
 14870 | D:9      | Reached skill level 9 in Fighting
 15273 | D:9      | Noticed a two-headed ogre
 15290 | D:9      | Killed a two-headed ogre
 15290 | D:9      | Reached XP level 11. HP: 115/115 MP: 19/23
 15328 | D:9      | Noticed a two-headed ogre
 15341 | D:9      | Killed a two-headed ogre
 15936 | D:9      | Reached skill level 10 in Earth Magic
 16006 | D:10     | Entered Level 10 of the Dungeon
 16435 | D:10     | Reached skill level 1 in Transmutations
 17333 | D:11     | Noticed a manticore
 17338 | D:11     | Killed a manticore
 17489 | D:10     | Noticed a two-headed ogre
 17494 | D:10     | Reached ** piety under Kikubaaqudgha
 17501 | D:10     | Killed a two-headed ogre
 17501 | D:10     | Reached skill level 10 in Fighting
 18980 | D:10     | Found a staircase to the Orcish Mines.
 19407 | D:10     | Found a staircase to the Lair.
 19432 | D:10     | Reached skill level 5 in Necromancy
 19571 | D:10     | Found a portal to a secret trove of treasure.
 19763 | Orc:1    | Entered Level 1 of the Orcish Mines
 19764 | Orc:1    | Reached *** piety under Kikubaaqudgha
 19764 | Orc:1    | Identified Kikubaaqudgha's Reference Book on Darkness (Kikubaaqudgha gifted it to you on level 1 of the Orcish Mines)
 19764 | Orc:1    | Received a gift from Kikubaaqudgha
 19887 | Orc:1    | Reached XP level 12. HP: 74/127 MP: 5/25
 20062 | D:10     | Learned a level 5 spell: Bolt of Draining
 21894 | Orc:2    | Entered Level 2 of the Orcish Mines
 22367 | Orc:2    | Noticed an orc high priest
 23226 | Orc:2    | Found a staircase to the Elven Halls.
 23405 | Orc:2    | Killed an orc high priest
 23405 | Orc:2    | Reached **** piety under Kikubaaqudgha
 23580 | Orc:2    | Noticed an orc high priest
 23585 | Orc:2    | Killed an orc high priest
 23904 | Orc:2    | Reached skill level 11 in Fighting
 24747 | Orc:2    | Noticed an ogre mage
 24974 | Orc:2    | Reached skill level 10 in Spellcasting
 24982 | Orc:2    | Paralysed by an orc sorcerer for 3 turns
 25001 | Orc:2    | Noticed an orc warlord
 25176 | Orc:2    | Noticed an ogre mage
 25189 | Orc:2    | Killed an ogre mage
 25608 | Orc:2    | Killed an ogre mage
 25873 | Orc:2    | Found an ancient bone altar of Kikubaaqudgha.
 25901 | Orc:2    | Reached XP level 13. HP: 93/137 MP: 3/27
 26014 | Orc:2    | Found Tijoqaujusch's Antique Weapon Shoppe.
 26025 | Orc:2    | Noticed an ogre mage
 26125 | Orc:2    | Killed an ogre mage
 26125 | Orc:2    | Reached ***** piety under Kikubaaqudgha
 26218 | Orc:2    | Found a radiant altar of Vehumet.
 26233 | Orc:2    | Found Foseroo's Book Shoppe.
 26269 | Orc:2    | Reached skill level 5 in Transmutations
 26538 | Orc:2    | Found a roughly hewn altar of Beogh.
 26538 | Orc:2    | Found Haerud Zoddu's Magic Scroll Emporium.
 26590 | Orc:2    | Found Oppirgha's Gadget Shoppe.
 26882 | D:5      | Bought a book of Dreams for 825 gold pieces
 26882 | D:5      | Bought a book of Transfigurations for 605 gold pieces
 26889 | D:5      | Learned a level 6 spell: Statue Form
 26895 | D:5      | Learned a level 5 spell: Borgnjor's Vile Clutch
 27049 | Lair:1   | Entered Level 1 of the Lair of Beasts
 27173 | Lair:1   | Found a labyrinth entrance.
 27177 | Lair:1   | Reached skill level 12 in Fighting
 27181 | Lab      | Entered a labyrinth
 27419 | Lab      | Noticed a minotaur
 27465 | Lab      | Killed a minotaur
 29905 | Lair:3   | Noticed nikopol's ghost (journeyman DEFE)
 29932 | Lair:2   | Learned a level 5 spell: Dispel Undead
 29935 | Lair:2   | Learned a level 2 spell: Blink
 29958 | Lair:3   | Killed nikopol's ghost
 29987 | Lair:3   | Found a hole to the Spider Nest.
 30093 | Lair:3   | Noticed Prince Ribbit
 30099 | Lair:3   | Killed Prince Ribbit
 30099 | Lair:3   | Reached skill level 1 in Translocations
 30326 | Lair:3   | Reached XP level 14. HP: 90/150 MP: 23/29
 30755 | Lair:3   | Found a radiant altar of Vehumet.
 30770 | Lair:3   | Found a runed door.
 31876 | Lair:4   | Reached skill level 13 in Fighting
 32559 | Lair:4   | Found a staircase to the Swamp.
 33929 | Lair:5   | Noticed a dire elephant
 33970 | Lair:5   | Killed a dire elephant
 34714 | Lair:5   | Noticed Josephine
 34720 | Lair:5   | Killed Josephine
 35367 | Lair:5   | Got a heavily runed marble ring
 35665 | Lair:5   | Identified the ring "Akisaw" {rElec rF- rC+ MP+9 Int+4} (You found it on level 5 of the Lair of Beasts)
 35817 | Lair:6   | Entered Level 6 of the Lair of Beasts
 35963 | Lair:6   | Found a dark tunnel.
 35972 | Volcano  | Entered a volcano
 35994 | Volcano  | Noticed a red draconian
 36005 | Volcano  | Killed a red draconian
 36356 | Lair:6   | Noticed junkhipster's ghost (journeyman FoFi)
 36363 | Lair:6   | Killed junkhipster's ghost
 36452 | Lair:6   | Found a staircase to the Slime Pits.
 36559 | Lair:6   | Reached ****** piety under Kikubaaqudgha
 36611 | Lair:6   | Reached XP level 15. HP: 87/162 MP: 25/30
 37380 | Lair:6   | Reached skill level 14 in Fighting
 37404 | Lair:6   | Paralysed by a hornet for 1 turns
 37804 | Lair:6   | Got a transparent platinum amulet
 39018 | Swamp:1  | Entered Level 1 of the Swamp
 39269 | Lair:4   | Upgraded the game from 0.22-a0-455-ga0624bf to 0.22-a0-456-g11ed031
 39269 | Lair:4   | Identified a +4 giant club of pain (a +2 giant club bloodied by Kikubaaqudgha)
 39269 | Lair:4   | Received a gift from Kikubaaqudgha
 39447 | Swamp:1  | Reached skill level 10 in Maces & Flails
 40416 | Swamp:1  | Reached skill level 10 in Transmutations
 40548 | Swamp:2  | Reached XP level 16. HP: 174/174 MP: 32/32
 40607 | Swamp:2  | Noticed Frances
 40615 | Swamp:2  | Killed Frances
 40924 | Swamp:2  | Noticed Aizul
 40934 | Swamp:2  | Killed Aizul
 41263 | Swamp:2  | Noticed Nikola
 41273 | Swamp:2  | Killed Nikola
 42047 | Swamp:3  | Reached skill level 15 in Fighting
 42078 | Swamp:3  | Noticed a thorn hunter
 42148 | Swamp:3  | Killed a thorn hunter
 42220 | Swamp:3  | Identified the amulet "Giuf" {Gourm rC- rN+ MR+ Str+3} (You found it on level 6 of the Lair of Beasts)
 42738 | Swamp:4  | Entered Level 4 of the Swamp
 42746 | Swamp:4  | Reached skill level 10 in Necromancy
 43045 | Swamp:4  | Noticed a thorn hunter
 43267 | Swamp:4  | Killed a thorn hunter
 43483 | Swamp:4  | Noticed a thorn hunter
 43491 | Swamp:4  | Killed a thorn hunter
 43491 | Swamp:4  | Reached XP level 17. HP: 110/184 MP: 25/33
 44052 | Swamp:4  | Got a decaying rune of Zot
 44682 | Spider:1 | Entered Level 1 of the Spider Nest
 45073 | Spider:1 | Learned a level 1 spell: Summon Butterflies
 45075 | Spider:1 | Learned a level 1 spell: Apportation
 45838 | Spider:2 | Noticed Roxanne
 45852 | Spider:2 | Killed Roxanne
 45857 | Spider:2 | Identified Roxanne's Disquisition on Clay (You took it off Roxanne on level 2 of the Spider Nest)
 45869 | Spider:1 | Reached skill level 16 in Fighting
 46849 | Spider:2 | Got an ichor-stained robe
 47169 | Spider:2 | Identified the +0 robe "Zohikhi" {MR+ rCorr MP+9} (You found it on level 2 of the Spider Nest)
 48129 | Spider:4 | Entered Level 4 of the Spider Nest
 48208 | Spider:4 | Noticed Arachne
 48858 | Spider:4 | Noticed Louise
 48865 | Spider:4 | Killed Louise
 48891 | Spider:4 | Found the +2 robe of Vines {NoPotionHeal Regen+7}
 49112 | Spider:4 | Reached skill level 5 in Dodging
 49182 | Spider:4 | Reached XP level 18. HP: 142/198 MP: 32/35
 50383 | Spider:4 | Got a gossamer rune of Zot
 50541 | Spider:3 | Killed Arachne
 50774 | Elf:1    | Entered Level 1 of the Elven Halls
 51891 | Elf:1    | Reached skill level 17 in Fighting
 52729 | Elf:2    | Found a runed gate.
 52729 | Elf:2    | Found a runed gate.
 52735 | Elf:2    | Found a runed gate.
 52869 | Elf:3    | Entered Level 3 of the Elven Halls
 53011 | Elf:3    | Found an ancient bone altar of Kikubaaqudgha.
 53087 | Elf:3    | Found Muidgh's Magic Scroll Emporium.
 53103 | Elf:3    | Bought a scroll of teleportation for 57 gold pieces
 53103 | Elf:3    | Bought a scroll of magic mapping for 66 gold pieces
 53103 | Elf:3    | Bought a scroll of teleportation for 57 gold pieces
 53103 | Elf:3    | Bought 3 scrolls of fog for 114 gold pieces
 53103 | Elf:3    | Bought a scroll of blinking for 142 gold pieces
 53103 | Elf:3    | Bought a scroll of identify for 38 gold pieces
 53103 | Elf:3    | Bought a scroll of identify for 38 gold pieces
 53103 | Elf:3    | Bought a scroll of identify for 38 gold pieces
 53103 | Elf:3    | Bought a scroll of identify for 38 gold pieces
 53105 | Elf:3    | Bought a scroll of holy word for 142 gold pieces
 53298 | Elf:3    | Noticed a deep elf master archer
 53308 | Elf:3    | Killed a deep elf master archer
 53316 | Elf:3    | Reached XP level 19. HP: 100/209 MP: 1/36
 54519 | Elf:3    | Reached skill level 15 in Maces & Flails
 54946 | Elf:3    | Noticed a Tzitzimitl
 55116 | Elf:3    | Identified the Tome of Hurtful Venom
 55247 | Elf:3    | Got a brightly glowing pewter ring
 55263 | Elf:3    | Got a ripped robe
 55287 | Elf:3    | Identified the ring of Amyrph {MP+9 Int+4} (You took it off a deep elf sorcerer on level 3 of the Elven Halls)
 55288 | Elf:3    | Identified the +1 robe of Tenacity {rC+ rN+ rCorr} (You took it off a deep elf sorcerer on level 3 of the Elven Halls)
 55352 | Elf:3    | Got a steaming bronze ring
 55364 | Elf:3    | Reached skill level 18 in Fighting
 55654 | D:11     | Identified the ring "Meadots" {rF+ MR+ SInv} (You took it off a deep elf blademaster on level 3 of the Elven Halls)
 56162 | D:12     | Learned a level 3 spell: Regeneration
 56167 | D:12     | Learned a level 4 spell: Animate Dead
 56398 | D:12     | Found Piegaip's Food Shop.
 56881 | D:13     | Noticed anything's ghost (novice OpHu)
 56886 | D:13     | Killed anything's ghost
 57011 | D:13     | Found Mutrier's Magic Scroll Emporium.
 57018 | D:13     | Found Fytics's Jewellery Shoppe.
 57045 | D:13     | Bought a scroll of teleportation for 39 gold pieces
 57045 | D:13     | Bought a scroll of brand weapon for 260 gold pieces
 57045 | D:13     | Bought a scroll of blinking for 97 gold pieces
 57480 | D:13     | Reached XP level 20. HP: 214/221 MP: 38/38
 57942 | D:14     | Found a gate to the Vaults.
 58571 | Vaults:1 | Entered Level 1 of the Vaults
 58690 | Vaults:1 | Found Loteot's Armour Boutique.
 59007 | Vaults:1 | Got a wizard robe
 59072 | Vaults:1 | Identified the cursed +1 robe "Miymeg" {Regen+ Stlth+} (You found it on level 1 of the Vaults)
 60336 | Vaults:1 | Reached skill level 15 in Spellcasting
 60934 | Vaults:2 | Reached XP level 21. HP: 100/232 MP: 40/40
 60979 | Vaults:2 | Reached skill level 19 in Fighting
 61158 | Vaults:2 | Noticed Donald
 61170 | Vaults:2 | Killed Donald
 61211 | Vaults:2 | Found a staircase to the Crypt.
 61345 | Vaults:2 | Identified a scroll of acquirement
 61347 | Vaults:2 | Got a fabulously ornate robe
 61359 | Vaults:2 | Identified the +3 robe of the Loofah {MR++} (You acquired it on level 2 of the Vaults)
 61699 | Vaults:2 | Reached skill level 10 in Dodging
 62368 | Vaults:2 | Found Asmib's Armour Emporium.
 62504 | Vaults:2 | Noticed Xtahua
 62513 | Vaults:2 | Killed Xtahua
 62823 | Vaults:3 | Found Elinix's Jewellery Boutique.
 63229 | Vaults:3 | Reached skill level 20 in Fighting
 63278 | Vaults:3 | Reached XP level 22. HP: 247/247 MP: 41/41
 64000 | Vaults:3 | Reached skill level 21 in Fighting
 64479 | Vaults:4 | Noticed a golden dragon
 64676 | Vaults:4 | Reached skill level 1 in Summonings
 65155 | Vaults:4 | Found Balaepa's Assorted Antiques.
 65170 | Vaults:4 | Bought a scroll of enchant weapon for 285 gold pieces
 65170 | Vaults:4 | Bought a scroll of blinking for 285 gold pieces
 65170 | Vaults:4 | Bought a potion of might for 152 gold pieces
 65170 | Vaults:4 | Bought a potion of curing for 114 gold pieces
 65594 | Vaults:5 | Entered Level 5 of the Vaults
 65667 | Vaults:5 | Reached skill level 22 in Fighting
 65968 | Vaults:5 | Reached XP level 23. HP: 263/263 MP: 42/42
 66023 | Vaults:5 | Noticed a golden dragon
 66026 | Vaults:5 | Reached skill level 5 in Summonings
 66030 | Vaults:5 | Killed a golden dragon
 66308 | Vaults:5 | Noticed an ancient lich
 66318 | Vaults:5 | Killed an ancient lich
 66386 | Vaults:5 | Noticed Mennas
 66414 | Vaults:5 | Killed Mennas
 66414 | Vaults:5 | Reached skill level 15 in Necromancy
 66414 | Vaults:5 | Reached skill level 15 in Earth Magic
 66423 | Vaults:5 | HP: 1/345 [titan (35)]
 66773 | Vaults:5 | Gained mutation: You are partially covered in large bone plates. (SH +4) [a neqoxec]
 66783 | Vaults:5 | Found the +3 hat of Pondering {ponderous, MR+ MP+10 Int+5}
 67230 | Vaults:5 | Reached skill level 23 in Fighting
 67325 | Vaults:5 | Reached XP level 24. HP: 126/278 MP: 42/42
 67421 | Vaults:5 | Identified Roxanne's Incunabulum of Clay
 67517 | Vaults:5 | Got a faintly glowing garnet amulet
 67523 | Vaults:5 | Identified the amulet of Mibylifui {Spirit rC- Str+4 Dex+2} (You took it off a deep elf mage on level 5 of the Vaults)
 67695 | Vaults:5 | Got a silver rune of Zot
 68238 | D:15     | Entered Level 15 of the Dungeon
 68238 | D:15     | Found a staircase to the Depths.
 68238 | D:15     | Noticed Urug
 68245 | D:15     | Killed Urug
 68274 | D:15     | Found a frozen archway.
 68288 | IceCv    | Entered an ice cave
 69211 | Depths:1 | Entered Level 1 of the Depths
 69259 | Depths:1 | Found a shadowy altar of Dithmenos.
 69517 | Depths:1 | Found Bidaatac's Gadget Shoppe.
 69518 | Depths:1 | Found Inept's Jewellery Boutique.
 69519 | Depths:1 | Found Fack's Gadget Shoppe.
 69647 | Depths:1 | Found Linefoal's Weapon Boutique.
 69995 | Depths:1 | Identified the ring of Ecib {Fire rN++ MP+9} (You took it off a crimson imp on level 1 of the Depths)
 70025 | Depths:1 | Found a gateway to Hell.
 71021 | Depths:2 | Reached skill level 24 in Fighting
 71064 | Depths:2 | Found a one-way gate to the infinite horrors of the Abyss.
 71210 | Depths:2 | Found a one-way gate leading to the halls of Pandemonium.
 71770 | Depths:3 | Learned a level 6 spell: Shadow Creatures
 71975 | Depths:3 | Reached XP level 25. HP: 221/292 MP: 42/43
 72508 | Depths:3 | Reached skill level 10 in Summonings
 73022 | Depths:4 | Found Eqeudeuwk's Food Shop.
 73041 | Depths:4 | Reached skill level 25 in Fighting
 73241 | Depths:4 | Noticed an ancient lich
 73254 | Depths:4 | Killed an ancient lich
 73370 | Depths:4 | Identified Sif Muna's Handbook of Unholy Arts
 73563 | Depths:4 | Reached skill level 26 in Fighting
 74055 | Depths:4 | Reached XP level 26. HP: 312/312 MP: 43/43
 74110 | Depths:4 | Found a burning altar of Makhleb.
 74126 | Depths:4 | Found a runed door.
 74315 | Depths:4 | Found a gateway to a ziggurat.
 74455 | Depths:4 | Found a deep blue altar of Sif Muna.
 74464 | Depths:4 | Identified the ring of the Genius {rF+ Str+10} (You took it off a fire giant on level 4 of the Depths)
 74480 | Depths:4 | Identified the Handbook of Ignition
 74952 | Depths:5 | Entered Level 5 of the Depths
 75087 | Depths:5 | HP: 20/405 [white very ugly thing (12)]
 75087 | Depths:5 | HP: 6/405 [white very ugly thing (14)]
 75087 | Depths:5 | Slain by a white very ugly thing

Vault maps used:
D:1:      eino_arrival_water_star
D:3:      uniq_robin
D:4:      gup_sewer_entry_pipe, serial_shops, nicolae_shop_behind_doors,
          first_ration
D:5:      dancing_weapons_uskayaw, serial_shops,
          nicolae_shop_competitors_out_of_business, wad_floor_pattern_untrapped
D:7:      minmay_temple_entry_enclosed_plants
D:8:      hangedman_ranch
D:10:     erik_rubicon_a, minmay_lair_entry_lava, david_orc_1_choice,
          nicolae_trove_entry_crystal
D:12:     serial_shops, kennysheep_mini, small_statue_alley_a,
          kennysheep_generic_room_4
D:13:     serial_shops, shop, shop, nrook_loot_triangle
D:14:     david_vaults_2, skrybe_limestone_x, hangedman_abyss_or_decor_stabs
D:15:     gammafunk_depths_entry_grave, portal_ice_cave_demonic_guard, uniq_urug
Temple:   compressed_dpeg_circular_temple
Lair:1:   lab_entry_generic
Lair:3:   gammafunk_mikee_crab_dinner, spider_nest_entry_funnel_web,
          basic_altar, uniq_prince_ribbit2
Lair:4:   swamp_mist_pool, dpeg_oklob_1
Lair:5:   beast_lair_carwin_large_2, minmay_lindwurm_lava, serial_bayou_shore_a,
          uniq_josephine
Lair:6:   minmay_lair_end_enchanted_forest, nicolae_slime_entry_slimehenge,
          enter_volcano_2
Swamp:1:  evilmike_swamp_ruin_rubble_2, swamp_pool1, hangedman_swamp_pad
Swamp:2:  evilmike_swamp_ruin_rubble_1, uniq_nikola, uniq_frances, uniq_aizul
Swamp:3:  hangedman_swamp_ruin_wall
Swamp:4:  swamp_alternative
Spider:1: special_room
Spider:2: uniq_roxanne
Spider:4: grunt_spider_rune_circles, uniq_arachne, uniq_louise
Orc:1:    guppyfry_library_mini
Orc:2:    kennysheep_orc_mage_school
Elf:1:    eino_elf_arrival_the_gate, evilmike_minifort,
          serial_sigils_hangedman_scar, minmay_misc_feat_alley
Elf:3:    nooodl_elf_gasket, basic_altar, serial_shops,
          nicolae_shop_behind_doors, minivault_26
Vaults:1: vaults_dpeg_hooks, ontoclasm_vaults_misaligned,
          hangedman_vaults_stitches, v_misc_11, nicolae_vaults_murderbox,
          v_rooms_2, hangedman_vaults_nails, v_misc_10,
          nicolae_vaults_rhombus_5, serial_shops, nicolae_shop_crystal
Vaults:2: minmay_crypt_entry_vampire_xt, hangedman_vaults_impose,
          vaults_room_large_hall, v_rooms_5, v_misc_19, vaults_mumra_lcd,
          nicolae_vaults_little_squares_1, ontoclasm_vaults_chip,
          vaults_room_pool, dpeg_vaults_monster_box, uniq_xtahua, uniq_donald
Vaults:3: vaults_room_mumra_shop_pool, v_misc_9, vaults_mumra_chevron_long,
          v_misc_2, nicolae_vaults_branching_niches, ontoclasm_vaults_tryst,
          ontoclasm_vaults_gateway, vaults_mumra_chevron,
          nicolae_vaults_little_squares_2, ontoclasm_vaults_spin,
          nicolae_vaults_border_crossing
Vaults:4: nicolae_vaults_little_squares_1, v_misc_26,
          nicolae_vaults_disjoint_gnomons, v_pattern_2,
          nicolae_vaults_quadrants, nicolae_vaults_angled_halls,
          hangedman_vaults_maws, nicolae_vaults_rhombus_7, v_alt_pattern_2,
          v_misc_25, v_misc_16, nicolae_vaults_specimen_jars, serial_shops,
          nicolae_shop_overgrown_old_shop
Vaults:5: serial_shops, uniq_mennas
Depths:1: old_standard_altar, serial_shops, nicolae_shop_stone, hellmouth_1,
          kennysheep_dice, minmay_shop_grove, infiniplex_staircase_pool_lava
Depths:2: minmay_tri_stars, pf_hell_entry_tar_river, minmay_misc_feat_doors,
          minmay_room_of_horrors, rand_demon_pan_entry_7, kennysheep_nondescript
Depths:3: cross_vault, abyss_entry, hangedman_decor_peaks_small,
          grunt_hell_entry_dis_old, rand_demon_pan_entry_3,
          serial_sigils_hangedman_quiver, minmay_misc_feat_rows,
          minmay_item_behind_shaft
Depths:4: minmay_the_grid_triangle_9x9_line_8_mashed, enter_ziggurat_d,
          grunt_mini_vestibule, minmay_misc_feat_square, special_room,
          serial_shops, shop_statue, abyss_entry, hangedman_decor_push,
          minivault_1, argonaut_fire_from_heaven
Depths:5: lemuel_castle_with_subvaults, pf_coc_iceberg, minivault_16,
          serial_bayou_shore_b, uniq_jory
Lab:      nicolae_lab_dead_adventurers, nicolae_lab_arrow,
          labyrinth_skeletal_remains
Sewer:    sewer_minmay_treatment
IceCv:    ice_cave_tombish
Volcano:  volcano_pools

Skill      XL: |  1  2  3  4  5  6  7  8  9 10 11 12 13 14 15 16 17 18 19 20 21 22 23 24 25 |
---------------+----------------------------------------------------------------------------+-----
Earth Magic    | 3 4 5 7 8 9 10 11 12 13 14 15 16 | 16.0
Fighting       | 1 2 3 4 6 7 9 10 11 12 13 14 15 16 17 18 20 22 23 24 26 | 26.9
Spellcasting   | 3 4 5 6 7 8 9 10 11 12 13 14 15 16 | 16.0
Maces & Flails | 1 2 3 4 5 6 7 8 9 10 12 13 14 15 16 18 | 18.4
Necromancy     | 3 5 6 7 8 9 10 11 12 13 14 15 16 | 16.0
Transmutations | 2 4 7 9 10 | 10.0
Translocations | 1 |  1.0
Dodging        | 2 5 6 8 9 10 12 | 12.4
Summonings     | 4 7 9 10 | 10.0
Stealth        | |  1.4

Action                   |  1- 3 |  4- 6 |  7- 9 | 10-12 | 13-15 | 16-18 | 19-21 | 22-24 | 25-27 || total
-------------------------+-------+-------+-------+-------+-------+-------+-------+-------+-------++-------
Melee: Unarmed           |    13 |       |       |       |       |       |       |       |       ||    13
       Club              |    20 |   170 |    55 |       |       |       |       |       |       ||   245
       Dagger            |     4 |       |       |       |       |       |       |       |       ||     4
       Mace              |       |       |    78 |   199 |     9 |       |       |       |       ||   286
       Giant club        |       |       |       |       |   545 |   622 |  1018 |  1148 |   418 ||  3751
Throw: Large rock        |       |     2 |    11 |    19 |    51 |    31 |    13 |     3 |     1 ||   131
       Stone             |       |       |     6 |       |     3 |       |       |       |       ||     9
 Cast: Sandblast         |    21 |   145 |    54 |    98 |     8 |       |       |       |       ||   326
       Stone Arrow       |       |     2 |    54 |   296 |    34 |     1 |       |       |       ||   387
       Lee's Rapid Decon |       |       |       |    40 |    37 |    23 |     7 |     2 |       ||   109
       Borgnjor's Vile C |       |       |       |       |   171 |   227 |    83 |    67 |    46 ||   594
       Dispel Undead     |       |       |       |       |     7 |       |       |       |       ||     7
       Statue Form       |       |       |       |       |    12 |    63 |    63 |    49 |    17 ||   204
       Blink             |       |       |       |       |     5 |       |       |       |       ||     5
       Vampiric Draining |       |       |       |       |     2 |       |       |       |       ||     2
       Regeneration      |       |       |       |       |       |       |       |    21 |     5 ||    26
       Passwall          |       |       |       |       |       |       |       |     2 |       ||     2
Invok: Brand Weapon With |       |       |       |       |     1 |       |       |       |       ||     1
 Abil: End Transformatio |       |       |       |       |       |       |     1 |       |       ||     1
Evoke: Wand              |       |       |       |     7 |     6 |     9 |     2 |       |     1 ||    25
       Lamp of fire      |       |       |       |       |     1 |     2 |       |       |       ||     3
  Use: Scroll            |       |       |     5 |     7 |    21 |    24 |    15 |    23 |     3 ||    98
       Potion            |       |       |     1 |     5 |    11 |     5 |     1 |     9 |       ||    32
 Stab: Sleeping          |     1 |     2 |     3 |       |     2 |     1 |       |     4 |       ||    13
       Distracted        |       |       |     1 |       |       |       |       |       |       ||     1
       Petrifying        |       |       |       |       |     1 |       |       |       |       ||     1
  Eat: Chunk             |     1 |     7 |    13 |    39 |    39 |    68 |    55 |    19 |     7 ||   248
       Ration            |       |     2 |     2 |     5 |    13 |    11 |       |     7 |     2 ||    42
Armor: Robe              |    19 |    37 |       |       |       |    17 |    46 |    29 |    10 ||   158
       Animal skin       |       |    41 |    59 |    73 |       |       |       |       |       ||   173
       Troll leather arm |       |       |       |    21 |   266 |    71 |       |       |       ||   358
       Skin              |       |       |       |       |   216 |  1498 |   714 |   559 |   278 ||  3265
Dodge: Dodged            |    19 |   169 |   113 |   165 |   437 |   765 |   830 |   625 |   278 ||  3401
Block: Other             |       |       |       |       |       |       |   162 |   393 |   220 ||   775
       Reflection        |       |       |       |       |       |       |    25 |    40 |    11 ||    76

Table legend:
 A = Spawn XP
 B = Non-spawn XP
 C = Spawn XP percentage of total XP
 D = Spawn monster count
 E = Non-spawn monster count
 F = Spawn count percentage of total count
 G = Total turns spent on level
                    A         B        C        D         E        F      G
               +---------+---------+-------+---------+---------+-------+---------
         Total |       0 | 1152462 |   0.0 |       0 |    2115 |   0.0 | 75087
               +---------+---------+-------+---------+---------+-------+---------
           D:1 |       0 |      18 |   0.0 |       0 |      10 |   0.0 |   826
           D:2 |       0 |      99 |   0.0 |       0 |      19 |   0.0 |  1549
           D:3 |       0 |     131 |   0.0 |       0 |      29 |   0.0 |  1175
           D:4 |       0 |     266 |   0.0 |       0 |      26 |   0.0 |  1668
           D:5 |       0 |     516 |   0.0 |       0 |      10 |   0.0 |  1812
           D:6 |       0 |    1243 |   0.0 |       0 |      26 |   0.0 |  1962
           D:7 |       0 |    2343 |   0.0 |       0 |      14 |   0.0 |  1094
           D:8 |       0 |    3116 |   0.0 |       0 |      42 |   0.0 |  2316
           D:9 |       0 |    3255 |   0.0 |       0 |      24 |   0.0 |  1640
          D:10 |       0 |    5945 |   0.0 |       0 |      51 |   0.0 |  3632
          D:11 |       0 |    1532 |   0.0 |       0 |      10 |   0.0 |  1834
          D:12 |       0 |    6515 |   0.0 |       0 |      18 |   0.0 |   742
          D:13 |       0 |   10570 |   0.0 |       0 |      46 |   0.0 |   944
          D:14 |       0 |   17712 |   0.0 |       0 |      52 |   0.0 |   870
          D:15 |       0 |    9987 |   0.0 |       0 |      21 |   0.0 |   689
        Lair:1 |       0 |    5722 |   0.0 |       0 |      24 |   0.0 |  1328
        Lair:2 |       0 |    5308 |   0.0 |       0 |      20 |   0.0 |   954
        Lair:3 |       0 |   16631 |   0.0 |       0 |      38 |   0.0 |  2805
        Lair:4 |       0 |    6456 |   0.0 |       0 |      21 |   0.0 |  2362
        Lair:5 |       0 |   13695 |   0.0 |       0 |      37 |   0.0 |  2355
        Lair:6 |       0 |   19167 |   0.0 |       0 |      91 |   0.0 |  1893
       Swamp:1 |       0 |   17366 |   0.0 |       0 |      41 |   0.0 |  1097
       Swamp:2 |       0 |   19185 |   0.0 |       0 |      29 |   0.0 |  1466
       Swamp:3 |       0 |   15896 |   0.0 |       0 |      41 |   0.0 |  1252
       Swamp:4 |       0 |   31250 |   0.0 |       0 |      56 |   0.0 |  1412
      Spider:1 |       0 |   16536 |   0.0 |       0 |      60 |   0.0 |  1759
      Spider:2 |       0 |    5982 |   0.0 |       0 |       8 |   0.0 |   901
      Spider:3 |       0 |   13891 |   0.0 |       0 |      31 |   0.0 |  1194
      Spider:4 |       0 |   37884 |   0.0 |       0 |      77 |   0.0 |  2078
         Orc:1 |       0 |    3454 |   0.0 |       0 |      41 |   0.0 |  2272
         Orc:2 |       0 |   14068 |   0.0 |       0 |      86 |   0.0 |  3890
         Elf:1 |       0 |   23202 |   0.0 |       0 |      38 |   0.0 |  1282
         Elf:2 |       0 |   16045 |   0.0 |       0 |      23 |   0.0 |   728
         Elf:3 |       0 |   75255 |   0.0 |       0 |      56 |   0.0 |  2569
      Vaults:1 |       0 |   66015 |   0.0 |       0 |     111 |   0.0 |  2277
      Vaults:2 |       0 |   76982 |   0.0 |       0 |      96 |   0.0 |  1935
      Vaults:3 |       0 |   57688 |   0.0 |       0 |      83 |   0.0 |  1453
      Vaults:4 |       0 |   46620 |   0.0 |       0 |      69 |   0.0 |  1503
      Vaults:5 |       0 |  174704 |   0.0 |       0 |     132 |   0.0 |  2471
      Depths:1 |       0 |   42107 |   0.0 |       0 |      62 |   0.0 |  1200
      Depths:2 |       0 |   58746 |   0.0 |       0 |      86 |   0.0 |  1111
      Depths:3 |       0 |   51155 |   0.0 |       0 |      64 |   0.0 |  1500
      Depths:4 |       0 |  147871 |   0.0 |       0 |     121 |   0.0 |  2053
           Lab |       0 |    1285 |   0.0 |       0 |       1 |   0.0 |   408
         Sewer |       0 |     322 |   0.0 |       0 |      48 |   0.0 |  2098
         IceCv |       0 |    3458 |   0.0 |       0 |      18 |   0.0 |   284
       Volcano |       0 |    5268 |   0.0 |       0 |       8 |   0.0 |   369
               +---------+---------+-------+---------+---------+-------+---------
